| TOP OF THE 1ST |
|
West Michigan Whitecaps batting - Pitching for Bowling Green Hot Rods : RHP Greg Spaulding
|
|
Pitching: RHP Greg Spaulding
|
|
|
Batting: SHB Adam Weber
|
0-0: Ball 1-0: Ball 2-0: Ground out 1-3 (Groundball, 34S, EV 68.1 MPH)
|
|
Batting: LHB Jeff Trapp
|
0-0: Called Strike 0-1: Ball 1-1: Called Strike 1-2: Ball 2-2: Foul Ball, location: 2F 2-2: Ground out 5-3 (Groundball, 56, EV 98.8 MPH)
|
|
Batting: SHB Andy Vivas
|
0-0: Called Strike 0-1: Ball 1-1: Foul Ball, location: 2F 1-2: Ground out 1-3 (Groundball, 23, EV 67.5 MPH)
|
| Top of the 1st over - 0 runs, 0 hits, 0 errors, 0 left on base; West Michigan 0 - Bowling Green 0 |
| BOTTOM OF THE 1ST |
|
Bowling Green Hot Rods batting - Pitching for West Michigan Whitecaps : RHP Dale Gilbert
|
|
Pitching: RHP Dale Gilbert
|
|
|
Batting: RHB Jonathan Fraire
|
0-0: Ball 1-0: Foul Ball, location: 2F 1-1: Called Strike 1-2: TRIPLE (Flyball, 89XD, EV 100.6 MPH)
|
|
Batting: RHB David Ward
|
0-0: Called Strike 0-1: Foul Ball, location: 2F 0-2: Ball 1-2: Foul Ball, location: 2F 1-2: Fly out, F4 (Popup, 13, EV 83.1 MPH)
|
|
Batting: LHB Jake Rheaume
|
0-0: Called Strike 0-1: Ball Wild Pitch! Jonathan Fraire scores 1-1: Ball 2-1: Ball 3-1: Swinging Strike 3-2: SINGLE (Line Drive, 89S, EV 99.4 MPH)
|
|
Batting: RHB Adam Kaeser
|
0-0: Ball 1-0: Ball Jake Rheaume steals 2nd, throwing error, E2 Jake Rheaume to third 2-0: Ball 3-0: Called Strike 3-1: Called Strike 3-2: Foul Ball, location: 2F 3-2: Fly out, F8 (Flyball, 78D, EV 92.5 MPH) Runner from 3rd tags up, SCORES, no throw by CF
|
|
Batting: RHB Paul Landes
|
0-0: Ball 1-0: Swinging Strike 1-1: Foul Ball, location: 2F 1-2: Strikes out swinging
|
| Bottom of the 1st over - 2 runs, 2 hits, 1 error, 0 left on base; West Michigan 0 - Bowling Green 2 |
| TOP OF THE 2ND |
|
West Michigan Whitecaps batting - Pitching for Bowling Green Hot Rods : RHP Greg Spaulding
|
|
Batting: RHB Bill Cabrera
|
0-0: Ground out 6-3 (Groundball, 6, EV 106.9 MPH)
|
|
Batting: RHB Dusty Newman
|
0-0: Called Strike 0-1: SINGLE (Groundball, 6MD, EV 95.6 MPH)
|
|
Batting: RHB Travis Newton
|
0-0: Ball 1-0: Ball 2-0: Foul Ball, location: 2F 2-1: Called Strike 2-2: Ball 3-2: Base on Balls Dusty Newman to second
|
|
Batting: RHB Jamie Bass
|
0-0: Called Strike 0-1: Ball 1-1: Foul Ball, location: 2F 1-2: Ball 2-2: Strikes out swinging
|
|
Batting: RHB Rocky Hart
|
0-0: Foul Ball, location: 2F 0-1: Swinging Strike 0-2: SINGLE (Groundball, P, EV 81.9 MPH) (infield hit) Dusty Newman to third Travis Newton to second
|
|
Batting: RHB Riley Menger
|
0-0: Swinging Strike 0-1: Swinging Strike 0-2: Foul Ball, location: 2F 0-2: Ball 1-2: Strikes out looking
|
| Top of the 2nd over - 0 runs, 2 hits, 0 errors, 3 left on base; West Michigan 0 - Bowling Green 2 |
| BOTTOM OF THE 2ND |
|
Bowling Green Hot Rods batting - Pitching for West Michigan Whitecaps : RHP Dale Gilbert
|
|
Batting: SHB Julio Hernandez
|
0-0: Ball 1-0: Ground out 3-1 (Groundball, 34S, EV 89.4 MPH)
|
|
Batting: RHB Kevin Benfield
|
0-0: Called Strike 0-1: Swinging Strike 0-2: Strikes out swinging
|
|
Batting: RHB Azedine Kirui
|
0-0: Swinging Strike 0-1: Swinging Strike 0-2: Ball 1-2: Foul Ball, location: 2F 1-2: Strikes out swinging
|
| Bottom of the 2nd over - 0 runs, 0 hits, 0 errors, 0 left on base; West Michigan 0 - Bowling Green 2 |
| TOP OF THE 3RD |
|
West Michigan Whitecaps batting - Pitching for Bowling Green Hot Rods : RHP Greg Spaulding
|
|
Batting: SHB Adam Weber
|
0-0: Ball 1-0: Foul Ball, location: 2F 1-1: Foul Ball, location: 2F 1-2: Ground out 4-3 (Groundball, 4, EV 85.6 MPH)
|
|
Batting: LHB Jeff Trapp
|
0-0: SINGLE (Groundball, 6D, EV 102.5 MPH)
|
|
Batting: SHB Andy Vivas
|
0-0: Called Strike Jeff Trapp steals 2nd base 0-1: Ground out 5-3 (Groundball, 5L, EV 83.1 MPH)
|
|
Batting: RHB Bill Cabrera
|
0-0: Ball 1-0: Ball 2-0: Foul Ball, location: 2F 2-1: Ball 3-1: Foul Ball, location: 2F 3-2: Foul Ball, location: 2F 3-2: Base on Balls
|
|
Batting: RHB Dusty Newman
|
0-0: Ball 1-0: Ball 2-0: Swinging Strike 2-1: Ball 3-1: Foul Ball, location: 2F 3-2: Base on Balls Jeff Trapp to third Bill Cabrera to second
|
|
Batting: RHB Travis Newton
|
0-0: Ball 1-0: Ground out U3 (Groundball, 3, EV 88.1 MPH)
|
| Top of the 3rd over - 0 runs, 1 hit, 0 errors, 3 left on base; West Michigan 0 - Bowling Green 2 |
| BOTTOM OF THE 3RD |
|
Bowling Green Hot Rods batting - Pitching for West Michigan Whitecaps : RHP Dale Gilbert
|
|
Batting: RHB Eric Waugaman
|
0-0: Ball 1-0: Ball 2-0: Called Strike 2-1: Swinging Strike 2-2: Ball 3-2: Strikes out swinging
|
|
Batting: RHB Jonathan Fraire
|
0-0: Called Strike 0-1: Ground out 3-1 (Groundball, 34, EV 98.8 MPH)
|
|
Batting: RHB David Ward
|
0-0: Ball 1-0: Ball 2-0: Called Strike 2-1: Foul Ball, location: 2F 2-2: Ground out 4-3 (Groundball, 4, EV 90.0 MPH)
|
| Bottom of the 3rd over - 0 runs, 0 hits, 0 errors, 0 left on base; West Michigan 0 - Bowling Green 2 |
| TOP OF THE 4TH |
|
West Michigan Whitecaps batting - Pitching for Bowling Green Hot Rods : RHP Greg Spaulding
|
|
Batting: RHB Jamie Bass
|
0-0: Ball 1-0: Foul Ball, location: 2F 1-1: Swinging Strike 1-2: Ball 2-2: Foul Ball, location: 2F 2-2: Strikes out looking
|
|
Batting: RHB Rocky Hart
|
0-0: Called Strike 0-1: Ground out 6-3 (Groundball, 6M, EV 81.9 MPH)
|
|
Batting: RHB Riley Menger
|
0-0: Ball 1-0: Swinging Strike 1-1: Reached on error, E1 (Groundball, 13S, EV 64.4 MPH)
|
|
Batting: SHB Adam Weber
|
0-0: Ground out U3 (Groundball, 34, EV 105.6 MPH)
|
| Top of the 4th over - 0 runs, 0 hits, 1 error, 1 left on base; West Michigan 0 - Bowling Green 2 |
| BOTTOM OF THE 4TH |
|
Bowling Green Hot Rods batting - Pitching for West Michigan Whitecaps : RHP Dale Gilbert
|
|
Batting: LHB Jake Rheaume
|
0-0: Ball 1-0: Foul Ball, location: 2F 1-1: Fly out, F8 (Flyball, 78M, EV 89.4 MPH)
|
|
Batting: RHB Adam Kaeser
|
0-0: Ball 1-0: Foul Ball, location: 2F 1-1: Ball 2-1: Foul Ball, location: 2F 2-2: Fly out, F8 (Flyball, 8LXD, EV 95.6 MPH)
|
|
Batting: RHB Paul Landes
|
0-0: Ball 1-0: Swinging Strike 1-1: Swinging Strike 1-2: Strikes out looking
|
| Bottom of the 4th over - 0 runs, 0 hits, 0 errors, 0 left on base; West Michigan 0 - Bowling Green 2 |
| TOP OF THE 5TH |
|
West Michigan Whitecaps batting - Pitching for Bowling Green Hot Rods : RHP Greg Spaulding
|
|
Batting: LHB Jeff Trapp
|
0-0: Called Strike 0-1: Called Strike 0-2: Ball 1-2: Ground out 4-3 (Groundball, 4, EV 88.1 MPH)
|
|
Batting: SHB Andy Vivas
|
0-0: Foul Ball, location: 2F 0-1: Ball 1-1: Foul Ball, location: 2F 1-2: Ball 2-2: Strikes out looking
|
|
Batting: RHB Bill Cabrera
|
0-0: Ball 1-0: Fly out, F8 (Line Drive, 8RD, EV 106.9 MPH)
|
| Top of the 5th over - 0 runs, 0 hits, 0 errors, 0 left on base; West Michigan 0 - Bowling Green 2 |
| BOTTOM OF THE 5TH |
|
Bowling Green Hot Rods batting - Pitching for West Michigan Whitecaps : RHP Dale Gilbert
|
|
Batting: SHB Julio Hernandez
|
0-0: Called Strike 0-1: Ball 1-1: Ground out U3 (Groundball, 34S, EV 91.9 MPH)
|
|
Batting: RHB Kevin Benfield
|
0-0: Ball 1-0: Called Strike 1-1: Foul Ball, location: 2F 1-2: Ball 2-2: Ball 3-2: Fly out, F6 (Popup, 5D, EV 60.6 MPH)
|
|
Batting: RHB Azedine Kirui
|
0-0: Called Strike 0-1: Ball 1-1: Called Strike 1-2: Ground out 1-3 (Groundball, P, EV 66.9 MPH)
|
| Bottom of the 5th over - 0 runs, 0 hits, 0 errors, 0 left on base; West Michigan 0 - Bowling Green 2 |
| TOP OF THE 6TH |
|
West Michigan Whitecaps batting - Pitching for Bowling Green Hot Rods : RHP Greg Spaulding
|
|
Batting: RHB Dusty Newman
|
0-0: Ball 1-0: Ball 2-0: Ball 3-0: Called Strike 3-1: Ground out 6-3 (Groundball, 6, EV 101.3 MPH)
|
|
Batting: RHB Travis Newton
|
0-0: Called Strike 0-1: Called Strike 0-2: Strikes out swinging
|
|
Batting: RHB Jamie Bass
|
0-0: Ball 1-0: Called Strike 1-1: Called Strike 1-2: Strikes out swinging
|
| Top of the 6th over - 0 runs, 0 hits, 0 errors, 0 left on base; West Michigan 0 - Bowling Green 2 |
| BOTTOM OF THE 6TH |
|
Bowling Green Hot Rods batting - Pitching for West Michigan Whitecaps : RHP Dale Gilbert
|
|
Batting: RHB Eric Waugaman
|
0-0: Foul Ball, location: 2F 0-1: Ball 1-1: Ground out 1-3 (Groundball, 13S, EV 76.3 MPH)
|
|
Batting: RHB Jonathan Fraire
|
0-0: SINGLE (Groundball, 6MS, EV 68.1 MPH) (infield hit)
|
|
Batting: RHB David Ward
|
0-0: Ball 1-0: Ball 2-0: Called Strike 2-1: DOUBLE (Line Drive, 78D, EV 108.8 MPH) Jonathan Fraire to third
|
|
Pitching: RHP Bobby Kosmicki
|
|
|
Batting: LHB Jake Rheaume
|
0-0: Foul Ball, location: 2F 0-1: Ball 1-1: Ball 2-1: Ball 3-1: SINGLE (Popup, 34D, EV 61.3 MPH) Jonathan Fraire scores David Ward to third
|
|
Batting: RHB Adam Kaeser
|
0-0: Ball 1-0: Called Strike 1-1: Fly out, F4 (Popup, 34, EV 81.3 MPH)
|
|
Batting: RHB Paul Landes
|
0-0: Called Strike 0-1: Fly out, F9 (Flyball, 9LM, EV 80.6 MPH)
|
| Bottom of the 6th over - 1 run, 3 hits, 0 errors, 2 left on base; West Michigan 0 - Bowling Green 3 |
| TOP OF THE 7TH |
|
West Michigan Whitecaps batting - Pitching for Bowling Green Hot Rods : RHP Greg Spaulding
|
|
Batting: RHB Rocky Hart
|
0-0: Foul Ball, location: 2F 0-1: Swinging Strike 0-2: Foul Ball, location: 2F 0-2: Strikes out swinging
|
|
Batting: RHB Riley Menger
|
0-0: Ball 1-0: Ball 2-0: Foul Ball, location: 2F 2-1: SINGLE (Groundball, 6MD, EV 95.0 MPH)
|
|
Pitching: RHP Jeremy Price
|
|
|
Batting: SHB Adam Weber
|
0-0: Ball 1-0: SINGLE (Groundball, 6S, EV 70.0 MPH) (infield hit) Riley Menger to second
|
|
Batting: LHB Jeff Trapp
|
0-0: Ball 1-0: Foul Ball, location: 2F 1-1: Fly out, F7 (Flyball, 7D, EV 95.6 MPH)
|
|
Batting: SHB Andy Vivas
|
0-0: Ball 1-0: Ball 2-0: Ball 3-0: Base on Balls Riley Menger to third Adam Weber to second
|
|
Batting: RHB Bill Cabrera
|
0-0: Ball 1-0: Ball 2-0: Ball 3-0: Called Strike 3-1: SINGLE (Groundball, 34S, EV 70.0 MPH) (infield hit) Riley Menger scores Adam Weber to third Andy Vivas to second
|
|
Batting: RHB Dusty Newman
|
0-0: Hit by Pitch Adam Weber scores Andy Vivas to third Bill Cabrera to second
|
|
Batting: RHB Travis Newton
|
0-0: SINGLE (Groundball, 6MD, EV 109.4 MPH) Andy Vivas scores Bill Cabrera to third Dusty Newman to second Runner from 3rd tries for Home, throw by CF and OUT! 8-2
|
| Top of the 7th over - 3 runs, 4 hits, 0 errors, 2 left on base; West Michigan 3 - Bowling Green 3 |
| BOTTOM OF THE 7TH |
|
Bowling Green Hot Rods batting - Pitching for West Michigan Whitecaps : RHP Bobby Kosmicki
|
|
Pitching: LHP Neil Palazzo
|
|
|
Batting: SHB Julio Hernandez
|
0-0: Called Strike 0-1: SINGLE (Line Drive, 89M, EV 90.6 MPH)
|
|
Batting: RHB Kevin Benfield
|
0-0: Ball 1-0: Ball 2-0: Foul Ball, location: 2F 2-1: Foul Ball, location: 2F 2-2: Strikes out looking
|
|
Batting: RHB Azedine Kirui
|
0-0: Called Strike 0-1: Ball Julio Hernandez steals 2nd base 1-1: Ball 2-1: Foul Ball, location: 2F 2-2: Ball 3-2: Fly out, F9 (Flyball, 9, EV 85.0 MPH)
|
|
Batting: RHB Eric Waugaman
|
0-0: Ball 1-0: Fly out, F6 (Line Drive, 6, EV 66.3 MPH)
|
| Bottom of the 7th over - 0 runs, 1 hit, 0 errors, 1 left on base; West Michigan 3 - Bowling Green 3 |
| TOP OF THE 8TH |
|
West Michigan Whitecaps batting - Pitching for Bowling Green Hot Rods : RHP Jeremy Price
|
|
Batting: RHB Jamie Bass
|
0-0: Called Strike 0-1: Ball 1-1: Foul Ball, location: 2F 1-2: Strikes out looking
|
|
Batting: RHB Rocky Hart
|
0-0: Ball 1-0: TRIPLE (Flyball, 78XD, EV 106.3 MPH)
|
|
Batting: RHB Riley Menger
|
0-0: Ball 1-0: Foul Ball, location: 2F 1-1: Called Strike 1-2: Ball 2-2: Strikes out swinging
|
|
Batting: SHB Adam Weber
|
0-0: Ball 1-0: Fly out, F5 (Popup, 5S, EV 71.9 MPH)
|
| Top of the 8th over - 0 runs, 1 hit, 0 errors, 1 left on base; West Michigan 3 - Bowling Green 3 |
| BOTTOM OF THE 8TH |
|
Bowling Green Hot Rods batting - Pitching for West Michigan Whitecaps : LHP Neil Palazzo
|
|
Pitching: LHP Bryan Gagnon
|
|
|
Batting: RHB Jonathan Fraire
|
0-0: Foul Ball, location: 2F 0-1: Ball 1-1: SINGLE (Line Drive, 89M, EV 90.0 MPH)
|
|
Batting: RHB David Ward
|
0-0: Hit by Pitch Jonathan Fraire to second
|
|
Batting: LHB Jake Rheaume
|
0-0: Ball 1-0: Called Strike 1-1: Foul Ball, location: 2F 1-2: Foul Ball, location: 2F 1-2: Fielders Choice at 2nd, 6-4 (Groundball, 6MD, EV 85.0 MPH) Jonathan Fraire to third
|
|
Batting: RHB Adam Kaeser
|
0-0: Called Strike 0-1: Foul Ball, location: 2F 0-2: Strikes out looking
|
|
Batting: RHB Paul Landes
|
0-0: Ball 1-0: Ball 2-0: SINGLE (Groundball, 56D, EV 103.1 MPH) Jonathan Fraire scores Jake Rheaume to second Runner from 2nd tries for 3rd, SAFE, throw by LF made to third
|
|
Batting: SHB Julio Hernandez
|
0-0: Called Strike 0-1: Ball 1-1: Swinging Strike 1-2: Ball 2-2: Strikes out swinging
|
| Bottom of the 8th over - 1 run, 2 hits, 0 errors, 2 left on base; West Michigan 3 - Bowling Green 4 |
| TOP OF THE 9TH |
|
West Michigan Whitecaps batting - Pitching for Bowling Green Hot Rods : RHP Jeremy Price
|
|
Pitching: RHP Al Speer
|
|
|
Batting: LHB Jeff Trapp
|
0-0: Ball 1-0: Ball 2-0: Swinging Strike 2-1: Ball 3-1: Called Strike 3-2: Foul Ball, location: 2F 3-2: Base on Balls
|
|
Batting: SHB Andy Vivas
|
0-0: Ball 1-0: Fielders Choice at 2nd, 6-4 (Groundball, 6M, EV 82.5 MPH)
|
|
Batting: RHB Bill Cabrera
|
0-0: Called Strike 0-1: Fly out, F9 (Flyball, 89D, EV 96.9 MPH)
|
|
Batting: RHB Dusty Newman
|
0-0: Called Strike 0-1: Ball 1-1: Swinging Strike 1-2: Foul Ball, location: 2F 1-2: Ball 2-2: 2-RUN HOME RUN (Flyball, 89XD, EV 99.4 MPH), Distance : 383 ft
|
|
Batting: RHB Travis Newton
|
0-0: Foul Ball, location: 2F 0-1: Swinging Strike 0-2: Strikes out looking
|
| Top of the 9th over - 2 runs, 1 hit, 0 errors, 0 left on base; West Michigan 5 - Bowling Green 4 |
| BOTTOM OF THE 9TH |
|
Bowling Green Hot Rods batting - Pitching for West Michigan Whitecaps : LHP Bryan Gagnon
|
|
Pitching: RHP Daisuke Tashima
|
|
|
Batting: RHB Kevin Benfield
|
0-0: Fly out, F8 (Flyball, 8RM, EV 82.5 MPH)
|
|
Batting: RHB Azedine Kirui
|
0-0: Foul Ball, location: 2F 0-1: Ball 1-1: Ground out 4-3 (Groundball, 4, EV 87.5 MPH)
|
|
Pinch Hitting: LHB Isaac Bamberg
|
0-0: Swinging Strike 0-1: Swinging Strike 0-2: Strikes out swinging
|
| Bottom of the 9th over - 0 runs, 0 hits, 0 errors, 0 left on base; West Michigan 5 - Bowling Green 4 |
|